 Dungeon Crawl Stone Soup version 0.29.0-11-gd7f09526c8 (webtiles) character file.

Game seed: 13759573210932357380

312 greasedhog the Cudgeller (level 7, 0/61 HPs)
             Began as a Meteoran Berserker on Sept 6, 2022.
             Was a Follower of Trog.
             Slain by an orc priest
             ... wielding a +2 war axe of flaming
              (1 damage)
             ... on level 5 of the Dungeon.
             The game lasted 00:03:41 (572 turns).

greasedhog the Cudgeller (Meteoran Berserker)        Turns: 572, Time: 00:03:42

Health: 0/61       AC:  7    Str: 21    XL:     7   Next: 2%
Magic:  8/8        EV: 10    Int:  9    God:    Trog [*.....]
Gold:   119        SH:  0    Dex: 13    Spells: 6/6 levels left

rFire   . . .      SeeInvis .   a - +0 mace
rCold   . . .      Faith    .   (no shield)
rNeg    . . .      Spirit   .   e - +0 scale mail
rPois   .          Reflect  .   (no helmet)
rElec   .          Harm     .   (no cloak)
rCorr   .          Rampage  .   (no gloves)
Will    .....                   (no boots)
Stlth   ..........              (no amulet)
HPRegen 0.20/turn               (no ring)
MPRegen 0.11/turn               (no ring)

@: brilliant, glowing
A: sense surroundings 1, otherworldly, glowing, explore regen
a: Renounce Religion, Berserk


You were on level 5 of the Dungeon.
You worshipped Trog.
Trog was aware of your devotion.
You visited 1 branch of the dungeon, and saw 5 of its levels.

You collected 147 gold pieces.
You spent 28 gold pieces at shops.

Inventory:

Hand Weapons
 a - a +0 mace (weapon)
Armour
 e - a +0 scale mail (worn)
Scrolls
 c - a scroll of poison
 d - a scroll of immolation


   Skills:
 - Level 5.2 Fighting
 * Level 7.1 Maces & Flails
 * Level 3.7 Armour
 - Level 2.4 Dodging


You had 6 spell levels left.
You didn't know any spells.
Your spell library was empty.

Dungeon Overview and Level Annotations

Branches:
Dungeon (5/15) Zot: 2377
 Temple: D:4-7

Altars:

Shops:
D:1 ?


Innate Abilities, Weirdness & Mutations

You passively map a small area around you.
You are easily found by Zot.
You glow in the dark.
You regain HP and MP as you explore.


Message History

You barely miss the orc priest.
The orc priest is moderately wounded.
The orc hits you with a +0 short sword.
The orc priest invokes the aid of Beogh against you.
Beogh smites you!
You hit the orc priest but do no damage.
The orc priest is moderately wounded.
The orc priest looks braver for a moment.
The orc hits you with a +0 short sword.
The orc priest invokes the aid of Beogh against you.
Beogh smites you!
* * * LOW HITPOINT WARNING * * *
The orc priest misses you.
The orc priest attacks as you move away!
The orc priest hits you with a +0 trident.
* * * LOW HITPOINT WARNING * * *
The orc attacks as you move away! The orc hits you but does no damage.
The orc priest hits you but does no damage.
There is a stone staircase leading up here.
It was a potion of curing.
You feel better. The orc hits you with a +0 short sword.
* * * LOW HITPOINT WARNING * * *
The orc priest calls upon Beogh to heal something.
It was a potion of brilliance.
You feel clever all of a sudden. The orc hits you but does no damage.
The orc priest hits you with a +2 war axe of flaming!
* * * LOW HITPOINT WARNING * * *
The orc priest burns you.
* * * LOW HITPOINT WARNING * * *
As you read the scroll labelled VAURCH SUEDGHADU, it crumbles to dust.
You hear a loud clanging noise!
It was a scroll of noise.
You recover from your berserk rage.
You hear an angry hiss. x2; You hear a bark!
You hear a shout! x5
You hear a bark!
The orc hits you with a +0 short sword.
* * * LOW HITPOINT WARNING * * *
The orc priest hits you with a +2 war axe of flaming.
You die...

###...**** , * *
#...... , * **
#.#...#* , .#.#...# *
* .......### ,*
#.#...).#, ,* *
#.#...)## , *
#.#....######## *,#,
#.#.@<......... #.*
#.#o#o#.####### #
#.###....o.†......#
#.#.......#.#.#####.#
,* #..(..........# ,
#.............####
#.................,,
#............#.....,
#............#.....,


You could see 2 orc priests and an orc.

Vanquished Creatures
  Sigmund (D:2)
  A scorpion (D:5)
  An iguana (D:5)
  4 adders
  2 dart slugs (D:1)
  2 orcs (D:5)
  2 giant cockroaches (D:1)
  2 goblins
  4 hobgoblins
  2 jackals
  3 kobolds
  A quokka (D:1)
  3 ball pythons
  4 bats
  A frilled lizard (D:2)
33 creatures vanquished.

Notes
Turn   | Place    | Note
-------+----------+-------------------------------------------
     0 | D:1      | greasedhog the Meteoran Berserker began the quest for the
                  | Orb.
     0 | D:1      | Reached XP level 1. HP: 19/19 MP: 2/2
    67 | D:2      | Reached XP level 2. HP: 26/26 MP: 3/3
   165 | D:2      | Noticed Sigmund
   175 | D:2      | Killed Sigmund
   176 | D:2      | Reached skill level 5 in Fighting
   176 | D:2      | Reached skill level 6 in Maces & Flails
   176 | D:2      | Reached XP level 3. HP: 36/36 MP: 4/4
   176 | D:2      | Reached XP level 4. HP: 42/42 MP: 5/5
   176 | D:2      | Reached XP level 5. HP: 48/48 MP: 6/6
   176 | D:2      | Reached XP level 6. HP: 56/56 MP: 7/7
   221 | D:1      | Found Suedyeru's Magic Scroll Boutique.
   231 | D:1      | Bought a scroll of identify for 28 gold pieces
   454 | D:5      | Entered Level 5 of the Dungeon
   522 | D:5      | Reached skill level 7 in Maces & Flails
   525 | D:5      | Reached XP level 7. HP: 61/61 MP: 8/8
   571 | D:5      | HP: 3/61 [orc priest/+2 war axe of flaming (2)]
   572 | D:5      | HP: 1/61 [orc/+0 short sword (2)]
   572 | D:5      | Slain by an orc priest

Illustrated notes

Levels and vault maps discovered:
D:1:      dpeg_arrival_arbitrary_b, layout_basic, serial_shops,
          nicolae_shop_behind_doors, shop, nicolae_shop_trees,
          nicolae_shop_statue_plus, nicolae_shop_trees
D:2:      layout_loops_ring, st_stairs_7, due_unseen_surprise, uniq_sigmund
D:3:      minmay_spotlight, layout_loops_ring, ebering_ecumenical_altar_webs,
          cheibrodos_gnoll_hut
D:4:      layout_basic
D:5:      layout_basic, serial_shops, nicolae_shop_waterfront,
          nicolae_shop_crystal, gup_sewer_entry_glass, lightli_minifort,
          uniq_duvessa, uniq_menkaure

Skill      XL: |  1  2  3  4  5  6 |
---------------+-------------------+-----
Fighting       | 5 |  5.2
Maces & Flails | 6 7 |  7.1
Armour         | 3 |  3.7
Dodging        | |  2.4

Action                   |  1- 3 |  4- 6 |  7- 9 || total
-------------------------+-------+-------+-------++-------
Melee: Mace              |    21 |    81 |    13 ||   115
Invok: Berserk           |     1 |     2 |       ||     3
  Use: Scroll            |       |     3 |     1 ||     4
       Potion            |       |       |     2 ||     2
Armor: Animal skin       |     6 |    22 |       ||    28
       Scale mail        |       |     5 |    13 ||    18
Dodge: Dodged            |    11 |    63 |     5 ||    79
